 Dungeon Crawl Stone Soup version 0.26.1-11-gd32895ea62 (webtiles) character file.

Game seed: 11088794704280228351

1619 H0rd4k the Insei (level 8, -4/50 HPs)
             Began as an Octopode Transmuter on May 21, 2021.
             Killed by divine providence
             ... invoked by an orc priest
              (13 damage)
             ... on level 6 of the Dungeon.
             The game lasted 00:06:43 (7847 turns).

H0rd4k the Insei (Octopode Transmuter)              Turns: 7847, Time: 00:06:44

Health: -4/50      AC:  2    Str:  9    XL:     8   Next: 96%
Magic:  13/15      EV: 23    Int: 18    God:
Gold:   308        SH:  0    Dex: 23    Spells: 12/16 levels left

rFire    + . .     SeeInvis .     - Unarmed
rCold    + . .     Faith    .   (shield currently unavailable)
rNeg     . . .     Spirit   .   (helmet currently unavailable)
rPois    x         Reflect  .   (no amulet)
rElec    .         Harm     .   e - ring of protection from fire
rCorr    .         Rampage  .   a - ring of stealth
Will     .....                  k - ring of protection from cold
Stlth    ++........             l - +6 ring of dexterity
HPRegen  0.16/turn              q - +4 ring of slaying
MPRegen  0.14/turn              (no ring)
                                (no ring)
                                (no ring)

@: confused, spider-form, flying
A: tiny, almost no armour, stealthy swim, (amphibious), 8 rings, (constrict 8)
a: End Transformation


You were on level 6 of the Dungeon.
You were a venomous arachnid creature.
You visited 1 branch of the dungeon, and saw 6 of its levels.

You collected 308 gold pieces.

Inventory:

Missiles
 j - 35 poisoned darts (quivered)
Magical Staves
 h - an uncursed staff of conjuration {unknown}
Jewellery
 a - a ring of stealth (right front leg)
 e - a ring of protection from fire (left front leg)
 k - a ring of protection from cold (on tentacle)
 l - a +6 ring of dexterity (on tentacle)
 q - a +4 ring of slaying (on tentacle)
Wands
 u - a wand of disintegration (13)
Scrolls
 c - 2 scrolls of random uselessness {unknown}
 d - 3 scrolls of enchant weapon {unknown}
 f - 9 scrolls of identify {unknown}
 o - a scroll of fog {unknown}
 p - 4 scrolls of remove curse {unknown}
 r - a scroll of magic mapping {unknown}
 s - a scroll of fear {unknown}
 w - a scroll of blinking {unknown}
 x - a scroll of acquirement {unknown}
 y - 2 scrolls of teleportation {unknown}
Potions
 b - a potion of flight
 g - a potion of brilliance {unknown}
 i - a potion of berserk rage {unknown}
 m - a potion of mutation {unknown}
 n - a potion of magic {unknown}
 t - 2 potions of curing {unknown}
 v - a potion of heal wounds {unknown}
 z - a potion of ambrosia {unknown}


   Skills:
 + Level 2.1 Fighting
 + Level 0.4 Throwing
 + Level 4.2 Dodging
 - Level 1.1 Stealth
 + Level 7.8 Unarmed Combat
 * Level 4.9 Spellcasting
 * Level 4.6 Transmutations
 + Level 2.3 Poison Magic


You had 12 spell levels left.
You knew the following spells:

 Your Spells              Type           Power        Failure   Level
a - Beastly Appendage     Tmut           42%          8%          1
b - Spider Form           Tmut/Pois      8%           24%         3

Your spell library contained the following spells:

 Spells                   Type           Power        Failure   Level
 Wereblood                Tmut           21%          11%         2
 Ice Form                 Ice/Tmut       12%          67%         4
 Blade Hands              Tmut           10%          71%         5


Dungeon Overview and Level Annotations

Branches:
Dungeon (6/15)
 Temple: D:4-7

Altars:
Ashenzari
Nemelex Xobeh
Sif Muna
Trog
Vehumet

Shops:
D:4 ?}


Innate Abilities, Weirdness & Mutations

You cannot wear most types of armour.
You are very stealthy in the water. (Stealth+)
((You are amphibious.))
You can wear up to eight rings at the same time.
((You can use your tentacles to constrict eight enemies at once.))
((Your skin changes colour to match your surroundings (Stealth+).))
((Your rubbery body absorbs attacks. (AC +1, EV +1)))


Message History

Beogh smites you! Something hits you.
You hit something but do no damage. Something hits you.
Unknown command.
A scorpion comes into view.
The orc priest casts a cantrip, but nothing happens.
Things that are here:
a +0 dagger; a +0 scale mail; a scroll labelled OCEOTE IH HAPHA You bump into the rock wall.
The orc priest mumbles some strange prayers to Beogh against you.
Something writhes in agony.
Reactivating autopickup.
The orc priest invokes the aid of Beogh against you.
Beogh smites you!
* * * LOW HITPOINT WARNING * * *
It was a potion of flight.
You feel very buoyant.
You fly up into the air.
The orc priest mumbles some strange prayers to Beogh against you.
Beogh smites you!
You die...

######### #.......#
#.......# ####.......#
#..........#######
##.##.............#
#...........#####.######
#..##.......#####......#
#. #.......#o.)s......#
. ##.######o###.###..# #
#.# # #.# .# #.####.##
#s. # #.......## #.##
####.....## #..
##.......## .##
##....(...^#
†'.........+


You could see a scorpion and 2 orc priests.

Vanquished Creatures
  Pikel (D:4)
  A sky beast (D:6)
  A phantom (D:5)
  A centaur (D:5)
  2 lemures (D:3)
  5 wights
  A jelly (D:6)
  2 hounds (D:5)
  A centaur skeleton (D:6)
  An orc priest (D:4)
  3 orc wizards
  2 iguanas
  Natasha (thrice) (D:2)
  3 worker ants
  7 gnolls
  8 adders
  A shadow imp (D:6)
  2 white imps
  3 oozes
  3 worms
  2 dart slugs
  7 leopard geckos
  14 orcs
  2 ball pythons
  7 bats
  4 giant cockroaches
  8 hobgoblins
  4 quokkas
  A ball python skeleton (D:4)
  2 frilled lizards
  3 goblins
  A jackal skeleton (D:4)
  8 kobolds
  A leopard gecko skeleton (D:3)
  3 rats
118 creatures vanquished.

Vanquished Creatures (others)
  An orc wizard (D:6)
1 creature vanquished.

Grand Total: 119 creatures vanquished

Notes
Turn   | Place    | Note
-------+----------+-------------------------------------------
     0 | D:1      | H0rd4k the Octopode Transmuter began the quest for the Orb.
     0 | D:1      | Reached XP level 1. HP: 13/13 MP: 3/3
   166 | D:1      | Reached XP level 2. HP: 13/18 MP: 5/5
   285 | D:1      | Reached skill level 1 in Stealth
   784 | D:1      | Reached XP level 3. HP: 23/23 MP: 6/6
   788 | D:1      | Learned a level 3 spell: Spider Form
   952 | D:2      | Noticed Natasha
   968 | D:2      | Killed Natasha
   969 | D:2      | Reached skill level 1 in Poison Magic
   969 | D:2      | Reached XP level 4. HP: 22/28 MP: 7/7
  1451 | D:2      | Noticed Natasha
  1460 | D:2      | Killed Natasha
  1461 | D:2      | Reached skill level 4 in Unarmed Combat
  1516 | D:2      | Noticed Natasha
  1526 | D:2      | Killed Natasha
  1527 | D:2      | Reached XP level 5. HP: 9/33 MP: 8/8
  3140 | D:3      | Reached XP level 6. HP: 37/38 MP: 10/10
  3197 | D:3      | Found a shimmering blue altar of Sif Muna.
  3230 | D:3      | Found a broken altar of Ashenzari.
  3231 | D:3      | Found a bloodstained altar of Trog.
  3782 | D:3      | Found a radiant altar of Vehumet.
  3956 | D:4      | Found Bomeeps's Gadget Shoppe.
  3967 | D:4      | Reached skill level 5 in Unarmed Combat
  4147 | D:4      | Found a sparkling altar of Nemelex Xobeh.
  4288 | D:4      | Noticed Pikel
  4762 | D:4      | Killed Pikel
  4763 | D:4      | Reached skill level 6 in Unarmed Combat
  4763 | D:4      | Reached XP level 7. HP: 11/44 MP: 8/12
  5043 | D:4      | Found Zunnuac's Magic Scroll Emporium.
  5706 | D:5      | Entered Level 5 of the Dungeon
  5883 | D:5      | Reached XP level 8. HP: 40/49 MP: 10/13
  6770 | D:5      | Reached skill level 7 in Unarmed Combat
  7847 | D:6      | Killed from afar by an orc priest

Illustrated notes

Levels and vault maps discovered:
D:1:      moated_graveyard_arrival, layout_basic, serial_glass, glass_columns_c,
          glass_columns_a, minmay_misc_feat_room
D:2:      layout_loops_ring, uniq_natasha
D:3:      layout_basic, gammafunk_temple_overflow_statue,
          general_overflow_altar, fiery_altar_vehumet
D:4:      layout_basic, nemelex_xobeh_ov_fountains_minmay,
          cheibrodos_sewer_entry_bend, serial_shops, kennysheep_mini_moat,
          shop_statue, uniq_pikel
D:5:      layout_basic
D:6:      layout_loops_corners, serial_shops, shop, kennysheep_pointless_box

Skill      XL: |  1  2  3  4  5  6  7  8 |
---------------+-------------------------+-----
Stealth        | 1 |  1.1
Poison Magic   | 1 2 |  2.3
Unarmed Combat | 4 6 7 |  7.8
Transmutations | 3 4 |  4.6
Spellcasting   | 3 4 |  4.9
Dodging        | 3 4 |  4.2
Fighting       | 2 |  2.1
Throwing       | |  0.4

Action                   |  1- 3 |  4- 6 |  7- 9 || total
-------------------------+-------+-------+-------++-------
Melee: Unarmed           |    54 |   176 |   117 ||   347
       Constrict         |     8 |    40 |    16 ||    64
       Tentacles         |     9 |    20 |    23 ||    52
       Punch             |     1 |     5 |     4 ||    10
Throw: Dart              |       |     2 |       ||     2
 Cast: Spider Form       |       |     3 |     6 ||     9
  Use: Potion            |       |       |     1 ||     1
 Stab: Sleeping          |     4 |    12 |     8 ||    24
Armor: Skin              |     3 |     7 |     3 ||    13
Dodge: Dodged            |    36 |   104 |    68 ||   208
